 Dungeon Crawl Stone Soup version 0.18.1-48-g4cf74bf (webtiles) character file.

4148 Necrotakul the Fighter (level 10, -6/64 HPs)
             Began as a Gargoyle Fighter on June 30, 2016.
             Was a Believer of Makhleb.
             Killed from afar by Erolcha (7 damage)
             ... with a puff of flame
             ... on level 8 of the Dungeon on July 8, 2016.
             The game lasted 00:28:33 (8210 turns).

Necrotakul the Fighter (Gargoyle Fighter)           Turns: 8210, Time: 00:28:34

Health: -6/64      AC: 21    Str: 19    XL:     10   Next: 27%
Magic:  13/13      EV:  8    Int: 10    God:    Makhleb [**....]
Gold:   467        SH: 10    Dex: 17    Spells: 0 memorised, 9 levels left

rFire  . . .     SeeInvis .     a - +0 war axe
rCold  . . .     Gourm    .     d - +3 chain mail of Rotation {rCorr Dex+5}
rNeg   + + .     Faith    .     c - +0 shield
rPois  ∞         Spirit   .     (no helmet)
rElec  +         Dismiss  .     (no cloak)
rCorr  +         Reflect  .     w - +0 pair of gloves
SustAt .         Harm     .     (no boots)
MR     .....                    (no amulet)
Stlth  ..........               (no ring)
                                h - ring of positive energy

@: exhausted, slowed, very slow, not resistant to hostile enchantments,
extremely unstealthy
A: negative energy resistance 1, electricity resistance, unbreathing,
petrification resistance, rot immunity, AC +7
a: Minor Destruction, Renounce Religion


You were on level 8 of the Dungeon.
You worshipped Makhleb.
Makhleb was pleased with you.
You were very hungry.

You visited 2 branches of the dungeon, and saw 10 of its levels.

You collected 467 gold pieces.

Inventory:

Hand Weapons
 a - a +0 war axe (weapon)
Missiles
 E - 4 silver tomahawks (quivered)
Armour
 c - a +0 shield (worn)
 d - the +3 chain mail of Rotation (worn) {rCorr Dex+5}
   (You found it on level 6 of the Dungeon)

   It affects your dexterity (+5).
   It protects you from acid and corrosion.
 w - a +0 pair of gloves (worn)
Jewellery
 h - a ring of positive energy (left hand)
 i - an uncursed ring of flight
 y - an uncursed amulet of faith
Wands
 t - a wand of polymorph (11/24)
Scrolls
 e - 2 scrolls of immolation
 g - 2 scrolls of recharging {unknown}
 m - 2 scrolls of teleportation {unknown}
 p - 2 scrolls of amnesia {unknown}
 q - 6 scrolls of remove curse
 r - 2 scrolls of noise {unknown}
 s - 2 scrolls of enchant armour
 x - 2 scrolls of fog {unknown}
 B - 2 scrolls of blinking {unknown}
 C - a scroll of enchant weapon {unknown}
 I - a scroll of identify
Potions
 b - 2 potions of haste {unknown}
 k - 3 potions of curing
 n - a potion of magic {unknown}
 o - a potion of agility {unknown}
 z - a potion of degeneration {unknown}
 A - 2 potions of lignification {unknown}
 F - a potion of brilliance {unknown}
 G - a potion of cancellation {unknown}
Books
 v - a book of the Sky

   Spells                             Type                      Level
   a - Summon Lightning Spire         Summoning/Air                4
   b - Airstrike                      Air                          4
   c - Silence                        Hexes/Air                    5
   d - Deflect Missiles               Charms/Air                   6
   e - Conjure Ball Lightning         Conjuration/Air              6
   f - Tornado                        Air                          9
 D - a book of Misfortune

   Spells                             Type                      Level
   a - Confusing Touch                Hexes                        2
   b - Confuse                        Hexes                        3
   c - Gell's Gravitas                Hexes/Translocation          3
   d - Petrify                        Transmutation/Earth          4
   e - Metabolic Englaciation         Hexes/Ice                    5
   f - Yara's Violent Unravelling     Hexes/Transmutation          5
Comestibles
 f - 7 bread rations
 l - 5 meat rations
 u - 8 fruits
 H - 2 chunks of flesh


   Skills:
 - Level 8.1 Fighting
 - Level 7.7 Axes
 + Level 5.9 Armour
 - Level 5.3 Dodging
 - Level 5.1 Shields
 - Level 5.1 Invocations


You had 9 spell levels left.
You didn't know any spells.

Dungeon Overview and Level Annotations

Branches:
Dungeon (9/15)             Temple (1/1) D:5            Lair (0/8) D:8
    Orc: D:9-12

Altars:
Ashenzari
Dithmenos
Elyvilon
Fedhas
Gozag
Kikubaaqudgha
Makhleb
Nemelex Xobeh
Okawaru
Qazlal
Ru
Sif Muna
Trog
Vehumet
Xom
Yredelemnul
Zin
The Shining One

Annotations:
D:8 Erolcha


Innate Abilities, Weirdness & Mutations

You are resistant to torment.
Your stone body is resilient (AC +7).
You are immune to poison.
You resist negative energy.
You are resistant to electric shocks.
You can survive without breathing.
You are immune to petrification.
You are immune to rotting.


Message History

You hit something.
Erolcha appears from thin air!
Reactivating autopickup.
You slash Erolcha!
Erolcha is almost dead.
Erolcha growls.
Erolcha hits you with a giant club.
* * * LOW HITPOINT WARNING * * *
You closely miss Erolcha.
Erolcha is almost dead.
You are no longer berserk.
You are exhausted.
You feel yourself slow down.
You are feeling very hungry.
Erolcha hits you with a giant club!
* * * LOW HITPOINT WARNING * * *
Your shield and chain mail of Rotation prevent you from hitting Erolcha.
Erolcha is almost dead.
Erolcha points at you and mumbles some strange words.
The puff of flame hits you!
You die...

###....# #.# #.# #......# ###
#.# #.# #.#...## #.# #.# #.#
#.##.## ... ..# #.# #.##.#
#.##.# #.# #.##.# #.##.#
###.. #.##.# #a##.# #....
#.##.# #O##.# #.### #.##.#
#@##.# ######.##
#.##)######.##.# #.......#
#.##........##.# #.......#
##.##..####..##.####.......#
#<.........................##
##.##..#####.................
####..>.......#####...>...#.
##.#####.#.## #..(....##
###..........######.######


You could see Erolcha and a worker ant.

Vanquished Creatures
  The ghost of Watshisface the Cudgeler, a novice OgSk of Yredelemnul (D:6)
  A troll (D:8)
  A shadow (D:8)
  The ghost of forly the Grasshopper, an amateur NaWr (D:4)
  Grum (D:8)
  A hippogriff (D:8)
  The ghost of tschems the Grave Robber, an amateur HuNe (D:3)
  Duvessa (D:6)
  An orc warrior (D:8)
  3 sky beasts
  3 ogres
  A necrophage (D:8)
  5 wolves (D:8)
  5 giant frogs
  Dowan (D:6)
  2 scorpions
  3 electric eels (D:8)
  A vampire bat (D:2)
  A howler monkey (D:6)
  A crimson imp (D:7)
  10 hounds
  2 giant frog skeletons
  2 jellies (D:6)
  2 orc priests (D:7)
  An orc wizard (D:3)
  A centaur skeleton (D:5)
  2 worker ants
  A hound zombie (D:8)
  A hound skeleton (D:8)
  A worker ant zombie (D:6)
  8 adders
  3 gnolls (D:4)
  3 worms
  A dart slug (D:4)
  3 giant geckos
  18 orcs
  2 ball pythons
  3 bat skeletons (D:2)
  3 bat zombies (D:2)
  3 giant cockroaches
  9 goblins
  6 hobgoblins
  7 jackals
  8 kobolds
  2 quokkas
  3 bats
  3 giant newts
  6 rats
149 creatures vanquished.

Notes
Turn   | Place    | Note
--------------------------------------------------------------
     0 | D:1      | Necrotakul the Gargoyle Fighter began the quest for the Orb.
     0 | D:1      | Reached XP level 1. HP: 14/14 MP: 1/1
   168 | D:1      | Reached XP level 2. HP: 16/19 MP: 2/2
   761 | D:2      | Reached XP level 3. HP: 23/23 MP: 3/3
  1542 | D:2      | Found an ancient bone altar of Kikubaaqudgha.
  1566 | D:2      | Reached XP level 4. HP: 26/28 MP: 4/4
  1744 | D:3      | Found an iron altar of Okawaru.
  1882 | D:3      | Found a bloodstained altar of Trog.
  1937 | D:3      | Found a sparkling altar of Nemelex Xobeh.
  2014 | D:3      | Reached XP level 5. HP: 25/32 MP: 5/5
  2030 | D:3      | Reached skill level 5 in Axes
  2217 | D:3      | Reached XP level 6. HP: 33/37 MP: 6/6
  2289 | D:3      | Found a shattered altar of Ashenzari.
  2480 | D:3      | Noticed tschems's ghost (amateur HuNe)
  2490 | D:3      | Killed tschems's ghost
  2551 | D:2      | Found a shattered altar of Ashenzari.
  2900 | D:4      | Found a blossoming altar of Fedhas.
  2909 | D:4      | Reached XP level 7. HP: 14/41 MP: 7/7
  3295 | D:4      | Noticed forly's ghost (amateur NaWr)
  3321 | D:4      | Killed forly's ghost
  3321 | D:4      | Reached skill level 5 in Armour
  3793 | D:5      | Entered Level 5 of the Dungeon
  3816 | D:5      | Found a staircase to the Ecumenical Temple.
  3836 | Temple   | Entered the Ecumenical Temple
  3866 | Temple   | Became a worshipper of Makhleb the Destroyer
  4362 | D:5      | Found an iron altar of Okawaru.
  4362 | D:5      | Found a shadowy altar of Dithmenos.
  4387 | D:5      | Found a burning altar of Makhleb.
  4730 | D:5      | Reached skill level 5 in Shields
  4730 | D:5      | Reached XP level 8. HP: 45/46 MP: 8/8
  4981 | D:6      | Noticed Dowan
  4982 | D:6      | Noticed Duvessa
  4991 | D:6      | Killed Duvessa
  4991 | D:6      | Reached skill level 4 in Fighting
  4995 | D:6      | Killed Dowan
  4995 | D:6      | Reached skill level 5 in Fighting
  5123 | D:6      | Noticed Watshisface's ghost (novice OgSk)
  5141 | D:6      | HP: 2/50 [Watshisface's ghost (11)]
  5142 | D:6      | Killed Watshisface's ghost
  5142 | D:6      | Reached skill level 8 in Fighting
  5398 | D:6      | Reached XP level 9. HP: 41/59 MP: 9/9
  5529 | D:6      | Found a deep blue altar of Sif Muna.
  5602 | D:6      | Reached skill level 1 in Dodging
  5622 | D:6      | Got a spiked chain mail
  5633 | D:6      | Identified the +3 chain mail of Rotation {rCorr Dex+5} (You found it on level 6 of the Dungeon)
  5992 | D:7      | Found a stormy altar of Qazlal.
  6164 | D:7      | Found a sacrificial altar of Ru.
  6179 | D:7      | Reached * piety under Makhleb
  6874 | D:8      | Reached skill level 5 in Dodging
  7031 | D:8      | Noticed a troll
  7063 | D:8      | Killed a troll
  7080 | D:8      | Noticed Grum
  7430 | D:8      | Reached ** piety under Makhleb
  7487 | D:8      | Reached XP level 10. HP: 44/64 MP: 10/10
  7591 | D:8      | Reached skill level 1 in Invocations
  7775 | D:8      | Killed Grum
  7969 | D:8      | Found a staircase to the Lair.
  8063 | D:8      | Reached skill level 5 in Invocations
  8184 | D:8      | Noticed Erolcha
  8209 | D:8      | HP: 1/64 [Erolcha/giant club (9)]
  8210 | D:8      | Killed from afar by Erolcha

Skill      XL: |  1  2  3  4  5  6  7  8  9 10 |
---------------+-------------------------------+-----
Axes           | 2 3 4 5 6 7 |  7.7
Armour         | 4 5 |  5.9
Shields        | 5 |  5.1
Fighting       | 8 |  8.1
Dodging        | 5 |  5.3
Invocations    | 5 |  5.1

Action                   |  1- 3 |  4- 6 |  7- 9 | 10-12 || total
-------------------------+-------+-------+-------+-------++-------
Melee: War axe           |    96 |   132 |   354 |    98 ||   680
Throw: Tomahawk          |       |       |     1 |       ||     1
  Use: Potion            |       |     1 |     3 |     1 ||     5
       Scroll            |       |       |     7 |       ||     7
 Stab: Paralysed         |       |       |     2 |       ||     2
  Eat: Chunk             |     2 |     5 |    14 |     2 ||    23
       Fruit             |       |       |     2 |       ||     2
Armor: Scale mail        |    45 |    64 |    68 |       ||   177
       Chain mail        |       |       |   146 |    50 ||   196
Dodge: Dodged            |    47 |    37 |   101 |    29 ||   214
Block: Shield            |    54 |    60 |   171 |    37 ||   322
